 Dungeon Crawl Stone Soup version 0.24-a0-504-gcfb02b9d07 (console) character file.

Game seed: 15840216509419160302

36975 nht the Thrower (level 13, -4/163 HPs)
             Began as a Merfolk Berserker on July 17, 2019.
             Was a High Priest of Trog.
             Slain by a death yak (7 damage)
             ... while petrified by you
             ... on level 6 of the Lair of Beasts.
             The game lasted 00:32:16 (17534 turns).

nht the Thrower (Merfolk Berserker)                Turns: 17534, Time: 00:32:16

Health: -4/163     AC:  9    Str: 22    XL:     13   Next: 93%
Magic:  13/13      EV:  2    Int:  8    God:    Trog [*****.]
Gold:   1255       SH:  0    Dex: 19    Spells: 12/12 levels left

rFire    . . .     SeeInvis +   I - +2 trident (pierce)
rCold    + . .     Gourm    .   (no shield)
rNeg     + + +     Faith    +   L - +2 ring mail {MR+}
rPois    ∞         Spirit   .   h - +1 hat {SInv}
rElec    .         Reflect  .   (no cloak)
rCorr    .         Harm     .   z - +0 pair of gloves
MR       ++...                  (no boots)
Stlth    ..........             a - amulet of faith
HPRegen  0.37/turn              N - ring of protection from cold
MPRegen  0.13/turn              K - ring of positive energy

@: berserking (expiring), petrified
A: change form in water, swift swim, stealthy swim, clever 1, magic resistance 1
a: Berserk, Trog's Hand, Brothers in Arms, Renounce Religion


You were on level 6 of the Lair of Beasts.
You worshipped Trog.
Trog was extremely pleased with you.
You were hungry.

You visited 2 branches of the dungeon, and saw 17 of its levels.

You collected 1577 gold pieces.
You spent 322 gold pieces at shops.

Inventory:

Hand Weapons
 I - a +2 trident of piercing (weapon)
 Q - a +2 antimagic bardiche
Missiles
 d - 45 poisoned darts
 m - 7 boomerangs (quivered)
 r - 19 silver javelins
 y - a throwing net
 D - 6 javelins
 F - 2 boomerangs of dispersal
 G - 3 silver boomerangs
 M - 16 atropa-tipped darts
Armour
 h - a +1 hat of see invisible (worn)
 p - a +0 buckler
 z - a +0 pair of gloves (worn)
 L - a +2 ring mail of magic resistance (worn)
Jewellery
 a - an amulet of faith (around neck)
 b - an uncursed ring of flight
 t - an uncursed amulet of guardian spirit
 K - a ring of positive energy (right hand)
 N - a ring of protection from cold (left hand)
Wands
 n - a wand of polymorph (18)
 O - a wand of paralysis (6)
Scrolls
 f - 8 scrolls of remove curse
 g - 8 scrolls of identify
 k - 8 scrolls of teleportation
 l - 2 scrolls of vulnerability
 o - 5 scrolls of enchant armour
 q - 3 scrolls of blinking
 s - 2 scrolls of enchant weapon
 C - a scroll of summoning
 H - 3 scrolls of immolation
 J - a scroll of fear
Potions
 e - a potion of cancellation
 i - 4 potions of flight
 j - a potion of haste
 u - 2 potions of heal wounds
 v - 3 potions of mutation
 w - a potion of brilliance
 x - a potion of lignification
 A - 3 potions of agility
 B - a potion of invisibility
 E - 3 potions of curing
 P - 3 potions of might
Comestibles
 c - 27 rations


   Skills:
 + Level 12.4 Fighting
 - Level 14.0 Polearms
 * Level 14.3 Throwing
 - Level 1.3 Armour
 - Level 12.0 Dodging
 + Level 7.6 Stealth


You had 12 spell levels left.
You didn't know any spells.
Your spell library was empty.

Dungeon Overview and Level Annotations

Branches:
Dungeon (11/15)            Temple (0/1) D:6            Lair (6/6) D:10
 Shoals (0/4) Lair:4        Snake (0/4) Lair:4        Slime (0/5) Lair:6
    Orc (0/2) D:11

Altars:
Cheibriados
Fedhas
Hepliaklqana
Xom

Shops:
D:9 ?

Annotations:
Lair:3 exclusion: oklob plant


Innate Abilities, Weirdness & Mutations

You revert to your normal form in water.
You are very nimble and swift while swimming.
You are very stealthy in the water. (Stealth+)
Your mind is acute. (Int +2)
You are resistant to hostile enchantments. (MR+)


Message History

You are engulfed in calcifying dust.
The death yak is no longer petrified.
You puncture the catoblepas!
You kill the catoblepas!
Trog accepts your kill.
You are engulfed in calcifying dust.
Your limbs are stiffening.
You feel a strong urge to attack something.
You have turned to stone.
The death yak gores you!!
* * * LOW HITPOINT WARNING * * *
The death yak gores you.
* * * LOW HITPOINT WARNING * * *
The death yak gores you!
* * * LOW HITPOINT WARNING * * *
The death yak barely misses you. The death yak gores you.
* * * LOW HITPOINT WARNING * * *
The death yak gores you.
* * * LOW HITPOINT WARNING * * *
The death yak gores you!
You die...

......█..███...█.█.....█...P█
.....█.................█.█.██
.....██...██P█..........██..█
....P█.....███........^.█...█
............█.....███.████..█
.......P........████████.█..█
...................████.....█
...........................██
................@....(......█
.÷.............YY...........██
█........█.....†█..P█P█......█
.....█..███.....█.███████..P██
P........██...:..██████ █..P█
..........█P.....██..P█ █..██
█...██...███....P███..███..█
....P█P..P.P.....██........█
█.....(..PPP......█..█████.███


You could see 2 death yaks.

Vanquished Creatures
  Snorg (Lair:5)
  Harold (D:8)
  A hydra (Lair:2)
  A catoblepas (Lair:6)
  Erica (Lair:1)
  4 death yaks
  A two-headed ogre (D:10)
  Urug (Lair:4)
  An unseen horror (D:11)
  Pikel (D:4)
  An ugly thing (D:11)
  9 elephants
  A torpor snail (Lair:6)
  3 black mambas
  11 spiny frogs
  2 gargoyles (D:11)
  A rime drake (Lair:4)
  3 komodo dragons
  2 polar bears (Lair:6)
  2 slime creatures (Lair:6)
  14 blink frogs
  4 dream sheep (Lair:6)
  5 hippogriffs
  2 shadows (D:11)
  A wyvern (D:11)
  27 yaks
  2 hungry ghosts
  Grum (D:8)
  The ghost of akello96 the Skirmisher, an amateur GrFi (D:4)
  2 nagas (Lair:4)
  12 water moccasins
  9 porcupines
  3 orc warriors
  A sky beast (D:5)
  A phantom (D:11)
  5 black bears
  10 ogres
  8 centaurs
  11 wolves
  12 crocodiles
  3 big kobolds
  9 bullfrogs
  A gnoll sergeant (D:8)
  2 scorpions
  2 howler monkeys
  5 crimson imps
  3 bullfrog zombies
  7 hounds
  A quasit (D:6)
  A bullfrog skeleton (D:10)
  5 jellies
  9 orc priests
  2 centaur skeletons
  7 orc wizards
  2 iguanas
  Natasha (thrice) (D:2)
  6 worker ants
  A hound zombie (D:10)
  A hound skeleton (D:9)
  7 gnolls
  9 adders
  A shadow imp (D:10)
  2 oozes
  An adder zombie (D:8)
  3 adder skeletons
  3 worms
  A dart slug (D:4)
  8 leopard geckos
  35 orcs
  8 bats
  9 giant cockroaches
  9 goblins
  2 hobgoblins
  3 jackals (D:6)
  6 quokkas
  A ball python (D:4)
  6 frilled lizards
  A giant cockroach zombie (D:5)
  22 kobolds
  A leopard gecko skeleton (D:4)
  A quokka skeleton (D:4)
  10 rats
398 creatures vanquished.

Vanquished Creatures (collateral kills)
  A bullfrog (D:8)
  A worker ant (D:8)
  3 gnolls (D:8)
5 creatures vanquished.

Vanquished Creatures (others)
  A slave (D:4)
  An orc wizard (D:4)
  A worker ant (D:4)
  An adder (D:4)
  An orc (D:4)
  30 fungi
  12 plants (D:10)
47 creatures vanquished.

Grand Total: 450 creatures vanquished

Notes
Turn   | Place    | Note
-------+----------+-------------------------------------------
     0 | D:1      | nht the Merfolk Berserker began the quest for the Orb.
     0 | D:1      | Reached XP level 1. HP: 18/18 MP: 1/1
    57 | D:1      | Reached skill level 5 in Polearms
    64 | D:1      | Reached XP level 2. HP: 19/24 MP: 2/2
   292 | D:1      | Reached XP level 3. HP: 21/29 MP: 3/3
   296 | D:1      | Reached ** piety under Trog
   823 | D:2      | Noticed Natasha
   831 | D:2      | Killed Natasha
   831 | D:2      | Reached XP level 4. HP: 23/35 MP: 4/4
  1052 | D:2      | Noticed Natasha
  1120 | D:2      | Killed Natasha
  1331 | D:2      | Noticed Natasha
  1346 | D:2      | Killed Natasha
  1346 | D:2      | Reached XP level 5. HP: 27/41 MP: 5/5
  1758 | D:3      | Reached *** piety under Trog
  1953 | D:3      | Reached XP level 6. HP: 42/47 MP: 6/6
  2279 | D:4      | Noticed a slave
  2280 | D:4      | Noticed a slave
  2281 | D:4      | Noticed Pikel
  2290 | D:4      | Noticed a slave
  2294 | D:4      | Noticed a slave
  2304 | D:4      | Killed Pikel
  2304 | D:4      | Reached XP level 7. HP: 52/52 MP: 7/7
  2317 | D:4      | Found a transporter.
  2693 | D:4      | Found a transporter.
  2696 | D:4      | Noticed akello96's ghost (amateur GrFi)
  2784 | D:4      | Reached XP level 8. HP: 58/58 MP: 8/8
  2946 | D:4      | You fall into a shaft and drop 2 floors!
  2952 | D:6      | Reached skill level 1 in Throwing
  3013 | D:6      | Found a staircase to the Ecumenical Temple.
  3060 | D:6      | Gained mutation: Your mind is acute. (Int +2) [potion of
                  | mutation]
  3060 | D:6      | Gained mutation: You are resistant to hostile enchantments.
                  | (MR+) [potion of mutation]
  3343 | D:5      | Entered Level 5 of the Dungeon
  3443 | D:5      | Reached **** piety under Trog
  3604 | D:5      | Reached skill level 5 in Dodging
  3608 | D:5      | Received a gift from Trog
  3672 | D:5      | Reached skill level 5 in Fighting
  3677 | D:5      | Reached XP level 9. HP: 68/68 MP: 9/9
  3694 | D:5      | Found a snail-covered altar of Cheibriados.
  4328 | D:4      | Killed akello96's ghost
  5091 | D:6      | Identified a scroll of acquirement
  5514 | D:7      | Found a hazy altar of Hepliaklqana.
  5790 | D:7      | Reached skill level 5 in Throwing
  6062 | D:8      | Noticed Harold
  6466 | D:8      | Reached XP level 10. HP: 77/77 MP: 8/10
  6558 | D:8      | Noticed Grum
  6574 | D:8      | Killed Grum
  6725 | D:8      | Killed Harold
  6752 | D:8      | Received a gift from Trog
  6955 | D:8      | Found a shimmering altar of Xom.
  7863 | D:9      | Found Qaydu's Magic Scroll Boutique.
  7869 | D:9      | Bought a scroll of identify for 28 gold pieces
  7869 | D:9      | Bought a scroll of identify for 28 gold pieces
  7869 | D:9      | Bought a scroll of enchant armour for 105 gold pieces
  7869 | D:9      | Bought a scroll of blinking for 105 gold pieces
  7869 | D:9      | Bought a scroll of identify for 28 gold pieces
  7869 | D:9      | Bought a scroll of identify for 28 gold pieces
  8418 | D:10     | Entered Level 10 of the Dungeon
  8426 | D:10     | Noticed a two-headed ogre
  8442 | D:10     | Killed a two-headed ogre
  8454 | D:10     | Reached XP level 11. HP: 87/87 MP: 11/11
  8657 | D:10     | Reached ***** piety under Trog
  8704 | D:10     | Received a gift from Trog
  8739 | D:10     | Found a staircase to the Lair.
  9231 | D:10     | Reached skill level 10 in Dodging
 10032 | D:11     | Noticed a green ugly thing
 10046 | D:11     | Killed a green ugly thing
 10049 | D:11     | Reached skill level 10 in Throwing
 10102 | D:11     | Found a staircase to the Orcish Mines.
 10244 | D:11     | Noticed an unseen horror
 10256 | D:11     | Killed an unseen horror
 10593 | Lair:1   | Entered Level 1 of the Lair of Beasts
 10593 | Lair:1   | Noticed Erica
 10606 | Lair:1   | Killed Erica
 10978 | Lair:1   | Received a gift from Trog
 10978 | Lair:1   | Reached XP level 12. HP: 59/97 MP: 12/12
 11083 | Lair:1   | Reached skill level 10 in Fighting
 11405 | Lair:2   | Noticed a five-headed hydra
 11411 | Lair:2   | Killed a five-headed hydra
 12075 | Lair:3   | Received a gift from Trog
 12220 | Lair:3   | Found a hazy altar of Hepliaklqana.
 12578 | Lair:3   | Found a blossoming altar of Fedhas.
 13087 | Lair:4   | Reached skill level 1 in Stealth
 13240 | Lair:4   | Noticed Urug
 13249 | Lair:4   | Killed Urug
 13349 | Lair:4   | Found a staircase to the Snake Pit.
 13779 | Lair:4   | Found a staircase to the Shoals.
 14406 | Lair:5   | Reached XP level 13. HP: 23/106 MP: 13/13
 14721 | Lair:5   | Reached skill level 5 in Stealth
 15050 | Lair:5   | Noticed Snorg
 15069 | Lair:5   | Killed Snorg
 15652 | Lair:6   | Entered Level 6 of the Lair of Beasts
 16241 | Lair:6   | Received a gift from Trog
 16880 | Lair:6   | Found a staircase to the Slime Pits.
 17532 | Lair:6   | HP: 7/163 [death yak (5)]
 17533 | Lair:6   | HP: 2/163 [death yak (2)]
 17534 | Lair:6   | Slain by a death yak

Levels and vault maps discovered:
D:1:      onia_arrival_larder, layout_rooms
D:2:      layout_rooms, uniq_natasha
D:3:      layout_basic, first_ration
D:4:      minmay_polygon_palace, layout_basic, gammafunk_ghost_arena, uniq_pikel
D:5:      layout_layer_cave, kennysheep_crisscross, cheibriados_altar_1
D:6:      layout_loops_ring, minmay_temple_entry_glass, st_stairs_13
D:7:      layout_cave_pools, basic_altar
D:8:      layout_basic, nicolae_overflow_crystal_walls, uniq_harold, uniq_grum
D:9:      layout_basic, serial_shops, shop
D:10:     layout_rooms, due_lair_maze_entry_diamond
D:11:     layout_roguey, orc_0_dummy
Lair:1:   layout_regular_city, gauntlet_entry_generic, uniq_erica
Lair:2:   layout_chaotic_city
Lair:3:   layout_chaotic_city, basic_altar, tgw_fedhas
Lair:4:   layout_regular_city, minmay_shoals_entry_centaurs,
          guppyfry_snake_entry_island, grunt_megastairs_4, uniq_urug
Lair:5:   layout_roguey, serial_bayou_shore_b, uniq_snorg
Lair:6:   grunt_lair_end_beastmaster, layout_regular_city,
          minmay_slime_entry_pillars

Skill      XL: |  1  2  3  4  5  6  7  8  9 10 11 12 13 |
---------------+----------------------------------------+-----
Polearms       | 5 6 7 8 9 12 13 14 | 14.0
Dodging        | 5 7 9 11 12 | 12.0
Throwing       | 3 5 8 10 12 14 | 14.3
Fighting       | 5 6 8 9 11 12 | 12.4
Stealth        | 4 7 |  7.6
Armour         | |  1.3

Action                   |  1- 3 |  4- 6 |  7- 9 | 10-12 | 13-15 || total
-------------------------+-------+-------+-------+-------+-------++-------
Melee: Spear             |   113 |   158 |   238 |       |       ||   509
       Trident           |       |       |   120 |   700 |   422 ||  1242
Throw: Dart              |       |       |    12 |    13 |       ||    25
       Boomerang         |       |       |     1 |   134 |    66 ||   201
       Throwing net      |       |       |       |     1 |       ||     1
Invok: Berserk           |     5 |     8 |    11 |    14 |     7 ||    45
       Brothers in Arms  |       |       |     1 |     1 |       ||     2
       Trog's Hand       |       |       |     1 |       |       ||     1
Evoke: Wand              |       |       |       |     2 |     4 ||     6
  Use: Scroll            |       |       |    18 |    10 |       ||    28
       Potion            |       |       |     6 |       |       ||     6
 Stab: Sleeping          |     1 |     5 |     2 |     2 |     3 ||    13
       Held in net/web   |       |       |       |     2 |       ||     2
       Petrified         |       |       |       |       |    30 ||    30
       Petrifying        |       |       |       |       |     4 ||     4
       Distracted        |       |       |       |       |     1 ||     1
  Eat: Chunk             |     3 |    12 |    23 |    22 |     9 ||    69
       Ration            |       |       |       |     6 |     2 ||     8
Armor: Animal skin       |    11 |    10 |    18 |    38 |       ||    77
       Skin              |       |       |    16 |       |       ||    16
       Ring mail         |       |       |       |     8 |    51 ||    59
Dodge: Dodged            |    42 |    50 |   108 |   354 |   191 ||   745

Table legend:
 A = Non-vault XP
 B = Vault XP
 C = Vault XP percentage of total XP
 D = Non-vault monster count
 E = Vault monster count
 F = Vault count percentage of total count
                 A         B        C        D         E       F
            +---------+---------+-------+---------+---------+-------
      Total |   41216 |   11606 |  22.0 |     345 |      58 |  14.4
            +---------+---------+-------+---------+---------+-------
        D:1 |      38 |      11 |  22.4 |      24 |       7 |  22.6
        D:2 |     112 |      36 |  24.3 |      14 |       1 |   6.7
        D:3 |     180 |       0 |   0.0 |      26 |       0 |   0.0
        D:4 |     293 |    1002 |  77.4 |      11 |      10 |  47.6
        D:5 |    1002 |       0 |   0.0 |      37 |       0 |   0.0
        D:6 |     993 |       3 |   0.3 |      24 |       1 |   4.0
        D:7 |     461 |       0 |   0.0 |       8 |       0 |   0.0
        D:8 |    1911 |    1437 |  42.9 |      27 |       4 |  12.9
        D:9 |     556 |     136 |  19.7 |      12 |       1 |   7.7
       D:10 |    3481 |     893 |  20.4 |      33 |       7 |  17.5
       D:11 |    3325 |       0 |   0.0 |      23 |       0 |   0.0
     Lair:1 |    2558 |     929 |  26.6 |      12 |       1 |   7.7
     Lair:2 |    1507 |       0 |   0.0 |       3 |       0 |   0.0
     Lair:3 |    3293 |       0 |   0.0 |      15 |       0 |   0.0
     Lair:4 |    3297 |    2495 |  43.1 |      16 |      11 |  40.7
     Lair:5 |    9038 |    1145 |  11.2 |      27 |       1 |   3.6
     Lair:6 |    9171 |    3519 |  27.7 |      33 |      14 |  29.8
            +---------+---------+-------+---------+---------+-------
